 Dungeon Crawl Stone Soup version 0.15.2 (webtiles) character file.

289173 magipi the Convoker (level 20, -6/118 HPs)
             Began as a Tengu Summoner on Apr 16, 2015.
             Was the Champion of Sif Muna.
             Splashed by a tengu reaver's acid (7 damage)
             ... on Level 4 of the Depths on May 3, 2015.
             The game lasted 08:56:27 (62385 turns).

magipi the Convoker (Tengu Summoner)               Turns: 62385, Time: 08:56:28

HP  -6/118       AC 11     Str 12      XL: 20   Next: 71%
MP  31/40        EV 21     Int 19      God: Sif Muna [******]
Gold 3570        SH  0     Dex 22      Spells: 11 memorised,  8 levels left

rFire  + . .     SeeInvis .     a - +1 demon trident (elec)
rCold  + . .     Clarity  .     T - +3 leather armour {rF+}
rNeg   + + .     rCorr    .     (no shield)
rPois  .         rRot     .     A - +2 hat
rElec  +         Spirit   .     D - +2 cloak
SustAb .         Warding  +     J - +2 pair of gloves {Dex+3}
rMut   .         Stasis   .     (boots unavailable)
Gourm  .                        o - amulet "Urosun" {Ward rElec rN++ Slay+6}
MR     ++...                    F - ring of protection from magic
                                c - ring of protection from cold

@: lethally poisoned, corroded equipment, repel missiles, very resistant to
hostile enchantments, fairly stealthy
A: able to fly continuously, beak, talons 3, agile 1
a: Fly, Channel Energy, Forget Spell, Renounce Religion
}: 2/15 runes: decaying, serpentine


You were on level 4 of the Depths.
You worshipped Sif Muna.
Sif Muna was exalted by your worship.
You were not hungry.

You visited 8 branches of the dungeon, and saw 46 of its levels.
You also visited: Sewer and Ice Cave.

You collected 4972 gold pieces.
You spent 1402 gold pieces at shops.

Inventory:

Hand weapons
 a - a +1 demon trident of electrocution (weapon)
 b - a +0 blowgun
 r - the +4 demon trident "Bostrup" {drain, rC+ Str+4}
   (You took it off an ironheart preserver on level 3 of the Vaults)

   A truly terrible weapon, it drains the life of those it strikes.
   It affects your strength (+4).
   It protects you from cold.
Missiles
 g - 6 needles of confusion
 m - 76 poisoned needles
 Y - 2 curare-tipped needles
Armour
 A - a +2 hat (worn)
 D - a +2 cloak (worn)
 J - a +2 pair of gloves of dexterity (worn)
 T - a +3 leather armour of fire resistance (worn)
Magical devices
 s - a wand of polymorph (9)
 y - a wand of invisibility (5)
 G - a wand of draining (1)
 M - a wand of teleportation (0)
 U - a wand of digging (8)
 Z - a wand of disintegration (18)
Comestibles
 t - 5 chunks of fire dragon flesh
 C - 2 meat rations
 R - 2 bread rations
Scrolls
 e - 12 scrolls of teleportation
 j - 11 scrolls of magic mapping
 q - 8 scrolls of fear
 w - 4 scrolls of blinking
 x - 17 scrolls of remove curse
 z - 3 scrolls of summoning
 H - 10 scrolls of identify
 L - 5 scrolls of fog
 W - 7 scrolls of recharging
Jewellery
 c - a ring of protection from cold (left hand)
 i - an uncursed ring of see invisible
 l - an uncursed ring of teleportation
 o - the amulet "Urosun" (around neck) {Ward rElec rN++ Slay+6}
   (You found it on level 2 of the Snake Pit)

   [amulet of warding]

   It may prevent the melee attacks of summoned creatures.
   It affects your accuracy and damage with ranged weapons and melee attacks
   (+6).
   It insulates you from electricity.
   It greatly protects you from negative energy.
 p - an uncursed ring of poison resistance
 F - a ring of protection from magic (right hand)
 O - the amulet "Xuuqy" {rCorr +Blink rC++ MR+ Int+1}
   (You took it off an ironheart preserver on level 3 of the Vaults)

   [amulet of resist corrosion]

   It protects you from acid and corrosion.
   It affects your intelligence (+1).
   It greatly protects you from cold.
   It affects your resistance to hostile enchantments.
   It lets you blink.
Potions
 d - a potion of porridge
 k - 3 potions of cancellation
 n - 2 potions of magic
 u - 3 potions of might
 E - 14 potions of curing
 I - 5 potions of restore abilities
 K - 4 potions of agility
 N - 6 potions of heal wounds
 S - 4 potions of haste
 V - 7 potions of resistance
 X - 2 potions of berserk rage
Books
 f - Sif Muna's Almanac of the Escort
   (Sif Muna gifted it to you on level 8 of the Lair of Beasts)

   Spells                             Type                      Level
   Abjuration                         Summoning                    3
   Recall                             Summoning/Translocation      3
   Shadow Creatures                   Summoning                    5
   Aura of Abjuration                 Summoning                    6
 h - Sif Muna's Tome of the Icy Traveller
   (Sif Muna gifted it to you on level 2 of the Swamp)

   Spells                             Type                      Level
   Freeze                             Ice                          1
   Ensorcelled Hibernation            Hexes/Ice                    2
   Warp Weapon                        Charms/Translocation         5
   Summon Forest                      Summoning/Translocation      5
   Controlled Blink                   Translocation                7
 v - a book of Cantrips

   Spells                             Type                      Level
   Corona                             Hexes                        1
   Animate Skeleton                   Necromancy                   1
   Summon Small Mammal                Summoning                    1
   *Apportation                       Translocation                1
 Q - a book of the Dragon

   Spells                             Type                      Level
   Flight                             Charms/Air                   3
   Cause Fear                         Hexes                        4
   Bolt of Fire                       Conjuration/Fire             6
   Dragon Form                        Transmutation                7
   Dragon's Call                      Summoning                    9


   Skills:
 - Level 10.4 Fighting
 + Level 13.8 Polearms
 - Level 9.5 Armour
 - Level 10.0 Dodging
 - Level 3.1 Stealth
 + Level 14.5 Spellcasting
 - Level 4.0 Hexes
 - Level 12.0 Charms
 - Level 18.1 Summonings
 - Level 6.0 Necromancy
 - Level 4.6 Translocations
   Level 4.0 Ice Magic
 - Level 10.5 Air Magic
 - Level 10.4 Invocations


You had 8 spell levels left.
You knew the following spells:

 Your Spells              Type           Power        Failure   Level  Hunger
a - Monstrous Menagerie   Summ           ######....   1%          6    #####..
b - Animate Dead          Necr           N/A          4%          4    None
c - Apportation           Tloc           ####......   1%          1    None
d - Passage of Golubria   Tloc           N/A          10%         4    None
e - Summon Lightning Spi  Summ/Air       ######..     1%          4    None
f - Airstrike             Air            ######....   1%          4    None
g - Summon Guardian Gole  Hex/Summ       ######..     1%          4    None
h - Haste                 Chrm           ######..     6%          6    #####..
m - Repel Missiles        Chrm/Air       ######       1%          2    None
r - Regeneration          Chrm/Necr      #####.....   1%          3    None
B - Blink                 Tloc           N/A          1%          2    None


Dungeon Overview and Level Annotations

Branches:
Dungeon (15/15)            Temple (1/1) D:7             Orc (4/4) D:11
    Elf (0/3) Orc:4          Lair (8/8) D:8           Swamp (5/5) Lair:6
  Snake (5/5) Lair:6        Slime (0/6) Lair:7       Vaults (4/5) D:13
  Crypt (0/3) Vaults:2     Depths (4/5) D:15

Altars:
Ashenzari
Cheibriados
Dithmenos
Elyvilon
Fedhas
Kikubaaqudgha
Makhleb
Nemelex Xobeh
Okawaru
Qazlal
Sif Muna
Trog
Vehumet
Xom
Yredelemnul
Zin
The Shining One
Beogh

Shops:
D:6 *   D:7 [   Orc:4 ?(}:   Vaults:1 (   Vaults:3 [   Depths:3 !![?!

Portals:
Hell: Depths:1 Depths:2 Depths:3 Depths:4
Abyss: Depths:1 Depths:4
Pandemonium: Depths:1
Ziggurat: Depths:3

Annotations:
D:3 magipi's ghost, average TeSu
D:5 Eustachio
D:6 Sigmund
D:14 exclusion: Roxanne, Roxanne


Innate Abilities, Weirdness & Mutations

You can fly continuously.
You have a beak for a mouth.
You have claws for feet.
You are agile. (Dex +2)

Vault maps used:
D:1:      lemuel_arrival_tunnels
D:2:      minmay_misc_feat_roman, minmay_misc_feat_five
D:4:      moated_statue
D:5:      tso_metal_star, elyvilon_altar_3, lemuel_round_altar, first_bread,
          uniq_blork_the_orc, uniq_eustachio
D:6:      serial_shops, nicolae_shop_competitors_out_of_business,
          gup_sewer_entry_glass, hangedman_minor_gate_pass, uniq_sigmund
D:7:      minmay_temple_entry_overgrown, serial_shops, shop, uniq_prince_ribbit1
D:8:      grunt_dithmenos_smoke, bloody_trog, david_lair_generic, uniq_psyche
D:9:      basic_altar
D:10:     uniq_joseph
D:11:     erik_orc_2, blue_anna_alchemist
D:12:     minmay_two_paths, basic_altar, kennysheep_donut
D:13:     grunt_vaults_entry_tiered
D:14:     solitary_fountain, kennysheep_minor_cross,
          nemelex_diamond_rough_becter, uniq_frances, uniq_roxanne
D:15:     grunt_enter_depths_hoard, basic_altar, serial_bayou_pond_e
Temple:   circular_temple_12
Orc:2:    minmay_orc_temple_c, uniq_grum
Orc:3:    nicolae_orc_pool_cavern
Orc:4:    st_orc_rangers
Lair:1:   uniq_gastronok
Lair:2:   enter_volcano_3
Lair:3:   kb_xom_exploding_sheep, lemuel_fruit_tree
Lair:4:   portal_ice_cave_entry_ice_beasts, beast_lair_carwin_5, uniq_harold
Lair:5:   infiniplex_staircase_pool, uniq_erica
Lair:6:   minmay_swamp_entry_worms, guppyfry_snake_entry_island
Lair:7:   nicolae_slime_entry_slimehenge
Lair:8:   due_jungle_book, st_stairs_10, serial_bayou_shore_a,
          infiniplex_staircase_pool_2
Swamp:1:  evilmike_swamp_ruin_house_2, nicolae_swamp_necromancer_hut
Swamp:2:  nicolae_swamp_godswood
Swamp:3:  evilmike_swamp_ruin_house_3
Swamp:4:  hangedman_swamp_ruin_hall
Swamp:5:  grunt_swamp_rune_castle, uniq_mara
Snake:1:  evilmike_ambush, uniq_nessos
Snake:2:  hangedman_cross_veins, basic_altar, serial_bayou_pond_e,
          evilmike_ambush
Snake:3:  uniq_louise
Snake:4:  spider_trap, grunt_megastairs_1, uniq_agnes
Snake:5:  minmay_snake_end_coiled, grunt_ministairs_7, uniq_aizul
Vaults:1: v_pattern_1, v_misc_5, nicolae_vaults_hallways_thing,
          vaults_room_fours, v_misc_17, hangedman_vaults_corner_blocks,
          v_misc_9, nicolae_vaults_mini_display_case, vaults_room_pool,
          mu_enter_wizlab_6, serial_shops, nicolae_shop_stone
Vaults:2: nicolae_vaults_disjoint_gnomons, vaults_room_ringed_pool, v_misc_9,
          ontoclasm_vaults_fault, st_smaller_cells, vaults_room_pools,
          vaults_room_door_ring, vaults_dpeg_encased_lava, vaults_room_corners,
          vaults_room_fours
Vaults:3: vaults_room_grid, v_misc_23, st_greater_box_4,
          nicolae_vaults_asterisk, nicolae_vaults_little_squares_6,
          vaults_room_corners, grunt_vaults_hallway_long,
          vaults_room_large_hall, nicolae_vaults_little_squares_3,
          hangedman_vaults_slice, v_misc_16, serial_shops, shop_coins,
          uniq_frederick
Vaults:4: hangedman_vaults_river_flow, nicolae_vaults_big_angled_halls, st_star,
          vaults_room_fancy_cross, nicolae_vaults_alarming,
          hangedman_vaults_nails, ontoclasm_vaults_bender, v_misc_8,
          hangedman_vaults_stretched_pinwheel, vaults_room_door_hall,
          hangedman_vaults_snaps, hangedman_vaults_cutoff
Depths:1: grunt_decor_cap, grunt_pan_entry_in_and_out, hell_entry,
          abyss_entry_small_statue_room,
          hangedman_abyss_or_decor_jellyfish_corner, grunt_ministairs_10,
          hangedman_eye_storm
Depths:2: lemuel_castle_with_subvaults, grunt_hell_horde, serial_sigils,
          serial_sigils_hangedman_shear, serial_sigils_hangedman_quiver,
          serial_sigils_hangedman_scratch, serial_sigils_hangedman_quiver
Depths:3: mu_elephants_graveyard, enter_ziggurat_b, serial_shops, shop_statue,
          nicolae_shop_temple_entry_statues_fountains, nicolae_shop_trees,
          nicolae_shop_trees, nicolae_shop_window_shopping,
          hangedman_coc_ice_floe, rand_demon_pan_entry_4, st_stairs_1,
          minmay_staircase_bubble
Depths:4: impenetrable_vault, abyss_entry, pf_vacation_house_of_asmodeus,
          minmay_staircase_statues_hall_small, dk_noncrumbling_1,
          dk_noncrumbling_4
Sewer:    kennysheep_pipe_town
IceCv:    ice_cave_caverns_03


Message History

The spriggan berserker hits your fire dragon skeleton with a war axe!
The spriggan berserker hits your deep troll zombie with a war axe!!
Your yaktaur zombie hits the spriggan berserker.
Your fire dragon skeleton bites the spriggan berserker!
Your fire dragon skeleton claws the spriggan berserker.
Your fire dragon skeleton tramples the spriggan berserker.
The spriggan berserker holds its ground!
Your deep troll zombie completely misses something.
Your deep troll zombie closely misses something.
Your deep troll zombie claws something.
Something hits your deep troll zombie!
Unknown command.
Casting: Monstrous Menagerie
Confirm with . or Enter, or press ? or * to list all spells.
You summon a manticore!
Your deep troll zombie closely misses something.
Your deep troll zombie claws something!
You feel a bit more experienced.
Unknown command.
Casting: Monstrous Menagerie
Confirm with . or Enter, or press ? or * to list all spells.
You summon a lindwurm!
The tengu reaver casts a spell at you. The bolt of acid hits you!
The acid burns!
The battlesphere fires!
The barrage of energy hits you! Something tramples your lindwurm!
Your lindwurm holds its ground!
Something trunk-slaps your lindwurm!
Your manticore flicks its tail!
The volley of spikes skewers the tengu reaver.
Unknown command.
What do you say? t - Shout!
Orders for allies: a - Attack new target. r - Retreat! s - Stop attacking. w - Wait here. f - Follow me.
Anything else - Stay silent.
Gang up on whom?
Press: ? - help, Dir - move target cursor, f - tengu reaver
Aim: a tengu reaver, wielding a runed long sword, wearing a scale mail and wearing a buckler (lightly wounded, skewered by manticore barbs) Attack!
Something tramples your lindwurm!!
Your lindwurm holds its ground!
Your lindwurm dies!
Your lindwurm's corpse disappears in a puff of smoke!
The tengu reaver points at you and mumbles some strange words.
The bolt of poison misses you.
The battlesphere fires!
The barrage of energy hits you!
The spriggan rider hits you but does no damage.
Unknown command.
The spriggan rider completely misses you.
Your yaktaur zombie closely misses something.
Your yaktaur zombie is struck by the twisting air!
Your yaktaur zombie is destroyed!
The tengu reaver blocks your manticore's attack. x2
Your manticore claws the tengu reaver!
The tengu reaver casts a spell at you. The bolt of poison hits you!
You are poisoned.
The battlesphere fires!
The barrage of energy hits you!
The tengu reaver blocks your manticore's attack. x3
You feel sick.
You hear a sizzling splash.
You feel a bit more experienced.
Your manticore flicks its tail!
The volley of spikes skewers the spriggan rider.
You feel sick.
The spriggan rider hits your manticore but does no damage.
Your manticore bites the spriggan rider!
Your manticore claws the spriggan rider!
Your manticore claws the spriggan rider.
You hit the tengu reaver. Your kick misses the tengu reaver.
The tengu reaver is heavily wounded.
You feel sick.
The yellow wasp dies!
The spriggan jumps down from its now dead mount.
The dire elephant tramples you!!
You stumble backwards!
Unknown command.
You feel sick.
The tengu reaver points at you and mumbles some strange words.
The bolt of poison is repelled.
The battlesphere fires!
The barrage of energy hits you!
Unknown command.
You feel sick.
You feel sick.
Unknown command.
You feel sick.
The spriggan dies!
Unknown command.
You feel sick.
A stone giant comes into view.
You feel sick.
The stone giant shouts!
Your manticore flicks its tail!
The volley of spikes skewers the battlesphere.
The stone giant throws a large rock.
The large rock completely misses you.
You feel sick.
Your manticore flicks its tail!
The tengu reaver blocks the volley of spikes.
The stone giant throws a large rock.
The large rock misses you.
You hear a sizzling splash.
The tengu reaver points at you and mumbles some strange words.
The bolt of acid hits you!
* * * LOW HITPOINT WARNING * * *
The acid corrodes your equipment!
The acid burns!
You die...

. ##.# . #..## ## ...
##...# #.##
...####.... ##...##
.....##...## ###.....
...........###.....#
≈.......H##.....≈..#
.....%....)*Q...≈..##
≈.............Y.@...#
...................##
.....#............##
.##..#.......##.###
.###.###'##......
.#....##.##.......
.#....#8.8#........
.Y....# .##....C....
......# . .....


You could see a dire elephant, a stone giant and a tengu reaver.

Table legend:
 A = Kills in this place as a percentage of kills in entire the game.
 B = Kills by you in this place as a percentage of kills by you in the entire game.
 C = Kills by friends in this place as a percentage of kills by friends in the entire game.
 D = Other kills in this place as a percentage of other kills in the entire game.
 E = Experience gained in this place as a percentage of experience gained in the entire game.
 F = Experience gained in this place divided by the number of levels of this place that you have seen.
                   A       B       C       D       E      F
               +-------+-------+-------+-------+-------+----------------------
         Total | 100.0 | 100.0 | 100.0 | 100.0 | 100.0 | 9689.9
       Dungeon |  24.8 |  26.2 |  24.5 |   0.0 |  10.0 | 3101.9
  Orcish Mines |  11.4 |   8.2 |  12.4 |   0.0 |   1.5 | 1700.0
          Lair |  12.7 |  23.6 |   9.7 |   0.0 |   8.1 | 4711.0
         Swamp |   9.8 |   6.7 |  10.7 |   0.0 |  10.0 | 9281.0
     Snake Pit |  10.5 |   8.0 |  11.3 |   0.0 |  16.8 | 15619.4
        Vaults |  15.8 |  14.4 |  16.2 |  25.0 |  26.4 | 30663.8
        Depths |  12.1 |   9.3 |  12.8 |  12.5 |  25.8 | 30044.2
         Sewer |   1.0 |   0.6 |   1.1 |   0.0 |   0.0 | 176.0
      Ice Cave |   1.9 |   3.0 |   1.3 |  62.5 |   1.4 | 6588.0
               +-------+-------+-------+-------+-------+----------------------

Vanquished Creatures
  Frederick (Vaults:3)
  A greater naga (Snake:5)
  2 vault wardens
  Gastronok (Lair:1)
  A stone giant (Vaults:4)
  A dire elephant (Depths:3)
  4 ettins
  3 yaktaur captains
  A vault guard (Vaults:3)
  An ironheart preserver (Vaults:3)
  A great orb of eyes (Depths:3)
  An ice dragon (Depths:4)
  3 naga warriors
  Erica (Lair:5)
  A ravenous item mimic (Lair:6)
  A deep troll earth mage (Depths:1)
  4 ogre magi
  2 centaur warriors (Vaults:3)
  5 death yaks
  2 naga sharpshooters (Snake:2)
  2 anacondas
  A tengu warrior (Depths:3)
  A shock serpent (Snake:2)
  A hell knight (Depths:1)
  2 unseen horrors
  2 shadow wraiths (Vaults:4)
  5 deep trolls
  3 hill giants
  A flayed ghost (Depths:1)
  A necromancer (Depths:1)
  3 ironbrand convokers
  4 giant orange brains
  A mana viper (Snake:2)
  2 wizards
  A cyclops (Depths:2)
  A griffon (Vaults:4)
  3 orc knights
  A wolf spider (Vaults:1)
  A naga mage (Snake:2)
  6 ugly things
  2 manticores
  3 elephants
  3 salamanders
  A guardian serpent (Snake:2)
  2 spiny frogs
  An orange demon (Depths:1)
  13 black mambas
  A yaktaur (shapeshifter) (Vaults:2)
  A centaur skeleton (D:15)
  2 fire drakes
  2 komodo dragons
  14 yaktaurs
  A fire drake (shapeshifter) (Vaults:1)
  A hydra zombie (Swamp:1)
  A wind drake (shapeshifter) (Depths:2)
  4 polar bears (IceCv)
  A troll (D:13)
  A red wasp zombie (Swamp:1)
  2 blink frogs
  2 bog bodies
  4 boulder beetles
  3 ravens
  4 slime creatures
  A deep elf mage (D:13)
  A fire dragon zombie (D:15)
  2 two-headed ogres
  2 vampires
  A wraith (Vaults:1)
  4 redbacks (Vaults:4)
  A spriggan (Swamp:1)
  A tarantella (Vaults:3)
  A wyvern (Lair:4)
  A giant leech zombie (Swamp:1)
  3 humans (D:13)
  3 hippogriffs
  A hungry ghost (D:9)
  13 wolves
  8 vampire mosquitoes
  21 yaks
  2 deep elf fighters
  9 nagas
  7 swamp worms
  3 swamp drakes
  4 hell hounds (Depths:2)
  22 water moccasins
  4 ice beasts (Lair:4)
  4 porcupines
  2 sky beasts
  9 ogres
  A phantom (D:14)
  A boring beetle (Lair:8)
  12 orc warriors
  2 big kobolds (Vaults:3)
  3 crocodiles
  A centaur (D:10)
  13 giant frogs
  A cyclops zombie (D:11)
  5 insubstantial wisps
  3 killer bees (D:9)
  3 wights
  An electric eel (D:11)
  A crimson imp (D:15)
  9 hounds
  2 goliath beetles
  3 jellies
  3 orc priests
  4 iguanas
  2 quasits
  12 sheep
  3 orc wizards
  A hound zombie (D:7)
  A mummy (D:11)
  32 green rats
  9 adders
  A shadow imp (D:6)
  An inept item mimic (D:10)
  A white imp (Depths:1)
  A giant eyeball (Depths:1)
  A giant gecko (D:7)
  53 orcs
  12 bats
  2 giant cockroaches
  8 hobgoblins
  10 jackals
  5 kobolds
  7 quokkas
  4 giant newts
  7 goblins
  A hobgoblin skeleton (D:5)
  7 rats
  12 ballistomycetes
  4 fungi
  4 plants (Lair:8)
547 creatures vanquished.

Vanquished Creatures (collateral kills)
  the Lernaean hydra (Swamp:5)
  Mara (Swamp:5)
  2 tentacled monstrosities (Vaults:3)
  A titan (Depths:2)
  2 liches
  4 sphinxes
  3 storm dragons
  Agnes (Snake:4)
  Frances (D:14)
  A shadow dragon (Vaults:3)
  A tengu reaver (Vaults:4)
  3 fire giants
  11 greater nagas
  A deep elf sorcerer (Vaults:3)
  2 emperor scorpions
  A balrug (Depths:1)
  3 frost giants
  7 vault wardens
  Aizul (Snake:5)
  Louise (Snake:3)
  16 stone giants
  A vampire knight (Depths:2)
  3 very ugly things
  12 rakshasas
  19 dire elephants
  8 ettins
  6 fire dragons
  10 vault guards
  12 ironheart preservers
  A fire crab (Vaults:3)
  3 jiangshi (Depths:1)
  24 hydras
  8 yaktaur captains
  8 great orbs of eyes
  10 centaur warriors
  6 ice dragons
  19 naga warriors
  Nessos (Snake:1)
  9 anacondas
  13 ogre magi
  The ghost of magipi the Summoner, a powerful TeSu of Sif Muna (Lair:7)
  A shambling mangrove (Swamp:1)
  2 spriggan air magi
  7 deep troll earth magi
  3 death yaks (Depths:3)
  8 alligators
  11 deep troll shamans
  A vampire mage (Depths:1)
  3 tengu warriors
  6 shock serpents
  3 spriggan berserkers
  14 naga sharpshooters
  10 hell knights
  2 salamander mystics
  An orc high priest (Orc:2)
  A catoblepas (Lair:8)
  A harpy (Depths:1)
  5 skeletal warriors (Vaults:1)
  3 iron trolls
  4 deep elf knights
  An ice devil (Depths:3)
  An infernal demonspawn (Depths:1)
  A flayed ghost (Depths:1)
  3 giant orange brains
  26 deep trolls
  4 spriggan druids
  8 naga ritualists
  10 swamp dragons
  18 hill giants
  3 lindwurms
  7 necromancers
  14 ironbrand convokers
  2 wizards
  3 manticores
  5 orc sorcerers
  8 mana vipers
  15 cyclopes
  10 salamanders
  14 orc knights
  A deep elf conjurer (Vaults:4)
  26 ugly things
  7 griffons
  10 guardian serpents
  37 slime creatures
  A draconian (shapeshifter) (Vaults:4)
  A shining eye (Depths:1)
  A phantasmal warrior (Vaults:2)
  10 elephants
  28 black mambas
  A wolf spider (Vaults:2)
  Joseph (D:10)
  3 sixfirhies
  16 spiny frogs
  A black mamba (shapeshifter) (D:12)
  A spiny frog (shapeshifter) (Vaults:2)
  2 eyes of devastation
  Psyche (D:8)
  19 naga magi
  A smoke demon (Orc:2)
  6 kobold demonologists
  11 vault sentinels
  A tengu conjurer (Depths:3)
  37 yaktaurs
  2 komodo dragons
  A fire drake (Lair:4)
  A hydra zombie (Swamp:1)
  A red devil (Depths:1)
  A blue devil (Depths:1)
  11 polar bears
  An efreet (D:14)
  3 giant leeches
  10 trolls
  A merfolk (shapeshifter) (Vaults:3)
  2 deep elf priests
  14 two-headed ogres
  6 freezing wraiths
  Prince Ribbit (D:7)
  16 blink frogs
  2 griffon zombies (D:15)
  2 boulder beetles
  7 baby alligators
  An ice dragon zombie (Depths:1)
  18 bog bodies
  A fire dragon zombie (D:15)
  3 basilisks
  11 ravens
  A wraith (D:12)
  A red wasp zombie (D:14)
  16 spriggans
  5 redbacks
  A water elemental (D:11)
  2 wyverns
  64 yaks
  A spriggan zombie (Swamp:5)
  12 deep elf magi
  A hog (shapeshifter) (Vaults:2)
  18 humans (D:13)
  2 shadows
  Grum (Orc:2)
  34 vampire mosquitoes
  2 wargs
  7 deep elf fighters
  3 golden eyes (Depths:1)
  7 hippogriffs
  5 hungry ghosts
  2 tarantellas
  A hill giant skeleton (D:15)
  25 swamp worms
  20 wolves
  52 nagas
  A human zombie (Depths:1)
  2 mottled dragons
  27 water moccasins
  A hydra simulacrum (D:15)
  A human skeleton (Depths:3)
  9 hell hounds (Depths:2)
  A tengu zombie (D:14)
  4 necrophages
  47 orc warriors
  7 swamp drakes
  3 porcupines
  7 ice beasts
  An elephant zombie (Depths:3)
  An electric eel (Lair:8)
  A sky beast (D:12)
  15 yellow wasps
  A black bear (D:6)
  3 lightning spires
  44 ogres
  A phantom (D:11)
  20 centaurs
  8 boggarts
  A vampire mosquito zombie (D:12)
  2 elephant skeletons (Depths:3)
  8 crocodiles
  A brain worm (D:14)
  Blork the orc (D:5)
  7 big kobolds
  2 wyvern zombies
  6 giant frogs
  An ogre simulacrum (D:15)
  A cyclops zombie (D:11)
  17 insubstantial wisps
  2 water moccasin zombies
  A hippogriff zombie (D:14)
  2 naga zombies
  An eye of draining (Depths:1)
  A troll zombie (Orc:4)
  3 scorpions
  A wyvern skeleton (D:13)
  12 wights
  21 killer bees
  2 goliath beetles
  6 crimson imps
  A giant frog zombie (D:9)
  2 centaur zombies
  A basilisk zombie (Lair:7)
  33 orc priests
  An iron imp (Vaults:3)
  A soldier ant zombie (D:8)
  A two-headed ogre zombie (Vaults:4)
  8 hounds
  2 jellies
  26 orc wizards
  5 quasits
  3 iguanas
  3 worker ants
  12 sheep
  An ogre skeleton (D:8)
  36 green rats
  7 orc zombies
  3 shadow imps
  A swamp drake skeleton (Swamp:5)
  17 adders
  4 giant mites
  2 worms (D:2)
  2 ufetubi (Depths:1)
  5 giant geckos
  2 oozes
  216 orcs
  3 bats
  5 giant cockroaches
  9 hobgoblins
  17 jackals
  5 quokkas
  3 ball pythons
  3 giant newts (D:1)
  A giant spore (D:7)
  8 goblins
  A hobgoblin zombie (D:8)
  39 kobolds
  A kobold skeleton (D:4)
  A kobold zombie (D:7)
  An orc skeleton (D:7)
  A quokka skeleton (D:5)
  6 rats
  15 ballistomycetes
  A bush (Lair:8)
  7 fungi
  3 plants
1928 creatures vanquished.

Vanquished Creatures (others)
  3 sphinxes
  A very ugly thing zombie (Depths:2)
  An ironheart preserver (Vaults:3)
  A death yak (IceCv)
  A shadow wraith (Vaults:4)
  5 anaconda zombies
  An orb spider (shapeshifter) (Depths:3)
  101 lindwurms
  2 wolf spider zombies
  2 ugly thing zombies
  7 stone giant zombies
  174 harpies
  A fire giant zombie (Vaults:2)
  93 manticores
  2 shock serpent zombies
  8 dire elephant zombies
  A centaur skeleton (Vaults:3)
  A shock serpent skeleton (Snake:4)
  A dire elephant skeleton (Depths:3)
  3 death yak zombies (Depths:3)
  An emperor scorpion zombie (Depths:1)
  An iron troll zombie (Depths:3)
  3 redback zombies
  A swamp worm zombie (Swamp:5)
  3 hydra zombies (Swamp:5)
  3 polar bears (IceCv)
  A guardian serpent zombie (Snake:1)
  2 ettin zombies
  2 tarantella zombies
  An ice dragon zombie (Vaults:2)
  2 griffon zombies
  14 black mamba zombies
  An alligator zombie (Swamp:5)
  A fire dragon skeleton (Depths:4)
  4 spriggan zombies
  4 yaks (IceCv)
  5 hill giant zombies
  A tengu zombie (Depths:1)
  A hill giant skeleton (D:12)
  3 raven zombies (Depths:1)
  An infernal demonspawn zombie (Depths:1)
  2 spiny frog zombies
  An ogre skeleton (Depths:1)
  8 deep troll zombies
  5 baby alligator zombies
  71 ice beasts
  25 guardian golems
  A blink frog zombie (Lair:7)
  4 swamp dragon zombies (Swamp:5)
  7 elephant zombies (Depths:3)
  4 naga skeletons
  12 vampire mosquito zombies
  26 elephant skeletons (Depths:3)
  A manticore skeleton (D:12)
  A centaur (Vaults:3)
  19 yaktaur zombies
  6 water moccasin zombies
  3 cyclops zombies
  3 salamander zombies
  5 hell hound zombies (Depths:2)
  A hell hound skeleton (Depths:2)
  A hippogriff zombie (Lair:5)
  A boulder beetle zombie (Vaults:3)
  8 elf zombies
  9 yak zombies
  A boring beetle zombie (Lair:8)
  2 crimson imps
  6 centaur zombies
  A yellow wasp zombie (Swamp:1)
  A giant frog zombie (Swamp:5)
  5 wolf zombies
  2 kobold zombies
  9 hounds
  2 wolf skeletons (Lair:5)
  26 human zombies
  4 two-headed ogre zombies
  5 human skeletons
  An elf skeleton (Vaults:2)
  7 bog body skeletons
  3 killer bee zombies
  31 naga zombies
  5 sheep (Lair:3)
  2 big kobold zombies (Vaults:3)
  A crocodile zombie (Lair:8)
  A sky beast zombie (D:12)
  21 ogre zombies
  A hound zombie (Lair:5)
  111 lightning spires
  A swamp drake zombie (Swamp:5)
  A shadow imp (D:4)
  An electric eel zombie (Lair:8)
  2 white imps (D:10)
  76 orc zombies
  An adder zombie (D:11)
  3 sheep zombies
  6 green rat zombies (Lair:8)
  3 quokkas (D:1)
  A bat (D:1)
  4 giant spores
  3 goblin zombies
  A hobgoblin zombie (Orc:1)
  2 orc skeletons
  2 rats
  A ballistomycete (D:14)
  49 fungi
  64 plants
1157 creatures vanquished.

Grand Total: 3632 creatures vanquished

Notes
Turn   | Place    | Note
--------------------------------------------------------------
     0 | D:1      | magipi, the Tengu Summoner, began the quest for the Orb.
     0 | D:1      | Reached XP level 1. HP: 10/10 MP: 3/3
   181 | D:1      | Reached skill level 5 in Summonings
   529 | D:1      | Reached XP level 2. HP: 15/15 MP: 0/5
  1487 | D:2      | Learned a level 2 spell: Call Imp
  1509 | D:2      | Reached XP level 3. HP: 19/19 MP: 2/7
  1591 | D:2      | Learned a level 3 spell: Call Canine Familiar
  2544 | D:2      | Reached XP level 4. HP: 24/24 MP: 3/9
  2890 | D:3      | Reached skill level 6 in Summonings
  3378 | D:3      | Noticed magipi's ghost (average TeSu)
  3466 | D:4      | Noticed an ogre
  3474 | D:4      | Killed an ogre
  3474 | D:4      | Reached XP level 5. HP: 28/28 MP: 2/13
  3707 | D:4      | Learned a level 4 spell: Summon Ice Beast
  3966 | D:4      | Reached skill level 7 in Summonings
  3966 | D:4      | Reached skill level 1 in Ice Magic
  3987 | D:4      | Reached XP level 6. HP: 32/32 MP: 15/15
  4473 | D:5      | Entered Level 5 of the Dungeon
  4534 | D:5      | Reached skill level 8 in Fighting
  4534 | D:5      | Reached skill level 10 in Dodging
  4534 | D:5      | Reached XP level 7. HP: 35/50 MP: 17/17
  4734 | D:5      | Found a deep blue altar of Sif Muna.
  4750 | D:5      | Became a worshipper of Sif Muna the Loreminder
  4809 | D:5      | Found a glowing golden altar of the Shining One.
  4883 | D:5      | Noticed Eustachio
  4951 | D:5      | Noticed Blork the orc
  4969 | D:5      | Killed Blork the orc
  4971 | D:5      | Found a white marble altar of Elyvilon.
  5416 | D:6      | Noticed Sigmund
  5550 | D:6      | Found Inozoma's General Store.
  5560 | D:6      | Bought a potion of restore abilities for 33 gold pieces
  5560 | D:6      | Bought a scroll of fog for 22 gold pieces
  5580 | D:6      | Noticed a manticore
  5600 | D:6      | Killed a manticore
  5600 | D:6      | Reached XP level 8. HP: 17/56 MP: 4/20
  5899 | D:6      | Noticed a yak
  5900 | D:6      | Noticed a yak
  5903 | D:6      | Noticed a yak
  5905 | D:6      | Noticed a yak
  5908 | D:6      | Noticed a yak
  5972 | D:6      | Found a glowing drain.
  6029 | Sewer    | Entered a sewer
  6450 | Sewer    | Learned a level 4 spell: Summon Lightning Spire
  6688 | D:6      | Acquired Sif Muna's first power
  6688 | D:6      | Reached skill level 1 in Air Magic
  7053 | D:6      | Killed a yak
  7107 | D:6      | Killed a yak
  7113 | D:6      | Killed a yak
  7120 | D:6      | Killed a yak
  7120 | D:6      | Reached XP level 9. HP: 60/60 MP: 13/21
  7123 | D:6      | Killed a yak
  7233 | D:7      | Found a staircase to the Ecumenical Temple.
  7264 | Temple   | Entered the Ecumenical Temple
  7557 | D:7      | Found Zyjekha's Antique Armour Shop.
  7568 | D:7      | Noticed Prince Ribbit
  7912 | D:7      | Killed Prince Ribbit
  7912 | D:7      | Acquired Sif Muna's second power
  8194 | D:8      | Found a bloodstained altar of Trog.
  8271 | D:8      | Found a staircase to the Lair.
  8272 | D:8      | Noticed an elephant
  8302 | D:8      | Killed an elephant
  8350 | D:8      | Reached skill level 5 in Spellcasting
  8437 | D:8      | Noticed Psyche
  8451 | D:8      | Killed Psyche
  8553 | D:8      | Got a polished ring mail
  8566 | D:8      | Found a shadowy altar of Dithmenos.
  8592 | D:8      | Identified the +0 ring mail of the Ward {rPois Str+4} (You took it off a hobgoblin on level 8 of the Dungeon)
  9270 | D:9      | Learned a level 4 spell: Summon Guardian Golem
  9290 | D:9      | Got a ring of the Octopus King
  9292 | D:9      | Identified a ring of the Octopus King {AC+1 EV+1 Str+1 Dex+1 Int+1 Stlth+} (You found it on level 9 of the Dungeon)
  9325 | D:9      | Reached XP level 10. HP: 65/65 MP: 25/25
  9442 | D:9      | Reached skill level 1 in Hexes
  9471 | D:9      | Found an iron altar of Okawaru.
 10461 | D:10     | Entered Level 10 of the Dungeon
 10584 | D:10     | Noticed an unseen horror
 10600 | D:10     | Killed an unseen horror
 10600 | D:10     | Acquired Sif Muna's third power
 10787 | D:10     | Noticed Joseph
 10803 | D:10     | Killed Joseph
 11224 | D:10     | Noticed a hill giant
 11236 | D:10     | Killed a hill giant
 11452 | D:10     | Noticed a hill giant
 11463 | D:10     | Reached XP level 11. HP: 47/69 MP: 18/28
 11468 | D:10     | Killed a hill giant
 11639 | D:10     | Reached skill level 1 in Polearms
 11832 | Lair:1   | Entered Level 1 of the Lair of Beasts
 12066 | Lair:1   | Noticed a four-headed hydra
 12073 | Lair:1   | Killed a four-headed hydra
 12352 | Lair:1   | Noticed Gastronok
 12476 | Lair:1   | Killed Gastronok
 12525 | Lair:1   | Reached skill level 5 in Polearms
 12531 | Lair:1   | Learned a level 4 spell: Airstrike
 13062 | Lair:1   | Reached skill level 5 in Air Magic
 14294 | Lair:3   | Found a shimmering altar of Xom.
 14330 | Lair:3   | Received a gift from Sif Muna
 14447 | Lair:3   | Reached XP level 12. HP: 73/75 MP: 30/30
 15194 | Lair:4   | Found a frozen archway.
 15288 | IceCv    | Entered an ice cave
 16604 | IceCv    | Noticed a death yak
 16604 | IceCv    | Noticed a frost giant
 16604 | IceCv    | Noticed a death yak
 16646 | IceCv    | Killed a death yak
 16658 | IceCv    | Killed a death yak
 16658 | IceCv    | Reached skill level 10 in Air Magic
 16805 | IceCv    | Killed a frost giant
 17093 | IceCv    | Identified the Reference Book on Ice and Arcane Weapons
 17100 | IceCv    | Got a slimy ivory ring
 17102 | IceCv    | Identified the ring "Omiph" {Ice +Fly SInv} (You found it in an ice cave)
 17506 | Lair:4   | Received a gift from Sif Muna
 17610 | Lair:4   | Identified Sif Muna's Volume of Companions (Sif Muna gifted it to you on level 4 of the Lair of Beasts)
 17625 | Lair:4   | Learned a level 6 spell: Monstrous Menagerie
 17825 | Lair:4   | Reached XP level 13. HP: 78/80 MP: 20/31
 18319 | Lair:5   | Reached skill level 10 in Polearms
 18324 | Lair:5   | Got an encrusted ring mail
 18335 | Lair:5   | Identified the +4 ring mail of the Raven {+Rage +Fly} (You found it on level 5 of the Lair of Beasts)
 18481 | Lair:5   | Noticed Erica
 18528 | Lair:5   | Killed Erica
 18885 | Lair:5   | Learned a level 4 spell: Animate Dead
 19185 | Lair:5   | Reached skill level 1 in Necromancy
 19568 | Lair:5   | Reached skill level 10 in Summonings
 20544 | Lair:6   | Found a staircase to the Swamp.
 20616 | Lair:6   | Found a staircase to the Snake Pit.
 20795 | Lair:7   | Got an encrusted falchion
 20967 | Lair:7   | Received a gift from Sif Muna
 21079 | Lair:7   | Found a staircase to the Slime Pits.
 21269 | Lair:7   | Noticed magipi's ghost (powerful TeSu)
 21281 | Lair:7   | Killed magipi's ghost
 21362 | Lair:8   | Entered Level 8 of the Lair of Beasts
 21364 | Lair:8   | Identified a scroll of acquirement
 21584 | Lair:8   | Reached skill level 10 in Spellcasting
 21819 | Lair:8   | Reached skill level 11 in Summonings
 22613 | Lair:8   | Noticed a dire elephant
 22632 | Lair:8   | Killed a dire elephant
 22637 | Lair:8   | Noticed a dire elephant
 22654 | Lair:8   | Killed a dire elephant
 22778 | Lair:8   | Noticed a dire elephant
 22795 | Lair:8   | Killed a dire elephant
 22820 | Lair:8   | Got a steaming bronze ring
 22822 | Lair:8   | Identified the ring of Beauty {rN+ Dex+3 Int+4} (You found it on level 8 of the Lair of Beasts)
 22915 | Lair:8   | Reached skill level 12 in Summonings
 23015 | Lair:8   | Noticed a dire elephant
 23015 | Lair:8   | Noticed a dire elephant
 23384 | Lair:8   | Killed a dire elephant
 23384 | Lair:8   | Received a gift from Sif Muna
 23385 | Lair:8   | Identified Sif Muna's Almanac of the Escort (Sif Muna gifted it to you on level 8 of the Lair of Beasts)
 23402 | Lair:8   | Killed a dire elephant
 23540 | Lair:8   | Reached XP level 14. HP: 68/84 MP: 32/33
 23903 | D:11     | Reached skill level 13 in Summonings
 24480 | D:11     | Found a staircase to the Orcish Mines.
 24624 | Orc:1    | Entered Level 1 of the Orcish Mines
 25687 | Orc:2    | Noticed Grum
 25694 | Orc:2    | Killed Grum
 25911 | Orc:2    | Found a roughly hewn altar of Beogh.
 26514 | Orc:4    | Entered Level 4 of the Orcish Mines
 26768 | Orc:4    | Found a staircase to the Elven Halls.
 27104 | Orc:4    | Found Sianotz's Gadget Emporium.
 27104 | Orc:4    | Found Muahen's Weapon Boutique.
 27141 | Orc:4    | Found Qeedag's Magic Scroll Shop.
 27143 | Orc:4    | Found Qoan's Book Shoppe.
 27210 | Orc:4    | Bought a wand of frost (13) for 82 gold pieces
 27210 | Orc:4    | Bought a wand of paralysis (13) for 165 gold pieces
 27216 | Orc:4    | Bought a book of Minor Magic for 240 gold pieces
 27220 | Orc:4    | Learned a level 2 spell: Repel Missiles
 27224 | Orc:4    | Learned a level 2 spell: Blink
 27229 | Orc:4    | Bought a scroll of identify for 28 gold pieces
 27229 | Orc:4    | Bought a scroll of identify for 28 gold pieces
 27229 | Orc:4    | Bought a scroll of identify for 28 gold pieces
 27229 | Orc:4    | Bought 3 scrolls of blinking for 315 gold pieces
 27229 | Orc:4    | Bought a scroll of fog for 28 gold pieces
 27229 | Orc:4    | Bought a scroll of enchant weapon for 105 gold pieces
 27229 | Orc:4    | Bought a scroll of identify for 28 gold pieces
 28080 | D:12     | Reached skill level 1 in Translocations
 28320 | D:12     | Found a basalt altar of Yredelemnul.
 28330 | D:12     | Received a gift from Sif Muna
 28333 | D:12     | Identified Sif Muna's Disquisition on Virous Changing (Sif Muna gifted it to you on level 12 of the Dungeon)
 28659 | D:12     | Noticed a storm dragon
 28694 | D:12     | Killed a storm dragon
 29756 | D:11     | Learned a level 6 spell: Haste
 30224 | D:13     | Found a gate to the Vaults.
 30620 | D:14     | Noticed Roxanne
 30783 | D:14     | Received a gift from Sif Muna
 30793 | D:14     | Reached XP level 15. HP: 91/91 MP: 27/35
 30802 | D:14     | Identified Sif Muna's Collected Works on Confrontation and Snow (Sif Muna gifted it to you on level 14 of the Dungeon)
 30819 | D:14     | Noticed Frances
 30855 | D:14     | Killed Frances
 30855 | D:14     | Reached skill level 1 in Charms
 30994 | D:15     | Entered Level 15 of the Dungeon
 31186 | D:15     | Reached skill level 10 in Fighting
 31187 | D:15     | Found a white marble altar of Elyvilon.
 32129 | D:15     | Found a staircase to the Depths.
 32573 | Swamp:1  | Entered Level 1 of the Swamp
 33345 | Swamp:1  | Reached skill level 5 in Charms
 33974 | Swamp:2  | Found a radiant altar of Vehumet.
 34516 | Swamp:2  | Received a gift from Sif Muna
 34532 | Swamp:2  | Identified Sif Muna's Tome of the Icy Traveller (Sif Muna gifted it to you on level 2 of the Swamp)
 35824 | Swamp:4  | Learned a level 3 spell: Regeneration
 36082 | Swamp:5  | Entered Level 5 of the Swamp
 36563 | Swamp:5  | Reached XP level 16. HP: 98/98 MP: 11/36
 36649 | Swamp:5  | Received a gift from Sif Muna
 36713 | Swamp:5  | Identified Sif Muna's Guide on Unstable Slavery (Sif Muna gifted it to you on level 5 of the Swamp)
 37016 | Swamp:5  | Noticed the 27-headed Lernaean hydra
 37028 | Swamp:5  | Killed the 27-headed Lernaean hydra
 37176 | Swamp:5  | Noticed Mara
 37176 | Swamp:5  | Noticed Mara
 37176 | Swamp:5  | Noticed magipi's illusion
 37176 | Swamp:5  | Noticed Mara
 37349 | Swamp:5  | Gained mutation: You are agile. (Dex +2) [potion of beneficial mutation]
 37359 | Swamp:5  | Noticed magipi's illusion
 37480 | Swamp:5  | Got a decaying rune of Zot
 37510 | Swamp:5  | Got a crude leather armour
 37511 | Swamp:5  | Identified the +3 leather armour of Tahudu {Str+2 Dex-2} (You found it on level 5 of the Swamp)
 37586 | Swamp:5  | Reached skill level 10 in Charms
 37670 | Swamp:5  | Noticed magipi's illusion
 37687 | Swamp:5  | Killed Mara
 37986 | Snake:1  | Entered Level 1 of the Snake Pit
 38800 | Snake:1  | Noticed Nessos
 38817 | Snake:1  | Killed Nessos
 39729 | Snake:2  | Received a gift from Sif Muna
 39737 | Snake:2  | Identified Sif Muna's Reference Book on Dislocation (Sif Muna gifted it to you on level 2 of the Snake Pit)
 40403 | Snake:2  | Got a fine brass amulet
 40404 | Snake:2  | Identified the amulet "Urosun" {Ward rElec rN++ Slay+6} (You found it on level 2 of the Snake Pit)
 40817 | Snake:2  | Found a stormy altar of Qazlal.
 40838 | Snake:2  | Got a crude leather armour
 40846 | Snake:2  | Identified the -4 leather armour of the Merchant {Str+3 Int+3} (You found it on level 2 of the Snake Pit)
 41244 | Snake:2  | Reached skill level 5 in Necromancy
 41462 | Snake:3  | Noticed Louise
 41470 | Snake:3  | Killed Louise
 41484 | Snake:3  | Reached skill level 1 in Invocations
 41886 | Snake:3  | Reached XP level 17. HP: 85/103 MP: 25/37
 42819 | Snake:4  | Reached skill level 14 in Summonings
 43079 | Snake:4  | Noticed Agnes
 43093 | Snake:4  | Killed Agnes
 43359 | Snake:5  | Entered Level 5 of the Snake Pit
 43502 | Snake:5  | Reached skill level 5 in Invocations
 44346 | Snake:5  | Received a gift from Sif Muna
 44347 | Snake:5  | Identified Sif Muna's Guide on Summoning (Sif Muna gifted it to you on level 5 of the Snake Pit)
 44927 | Snake:5  | Noticed Aizul
 44948 | Snake:5  | Killed Aizul
 44951 | Snake:5  | Reached skill level 15 in Summonings
 45324 | Snake:5  | Got a serpentine rune of Zot
 45899 | Vaults:1 | Entered Level 1 of the Vaults
 45932 | Vaults:1 | Found a magical portal.
 46948 | Vaults:1 | Found Clorr's Weapon Shoppe.
 47487 | Vaults:2 | Reached XP level 18. HP: 108/108 MP: 22/37
 47842 | Vaults:2 | Reached skill level 16 in Summonings
 48216 | Vaults:2 | Found a staircase to the Crypt.
 48655 | Vaults:2 | Learned a level 1 spell: Apportation
 49630 | Vaults:3 | Found Ymumuwk's Armour Shop.
 50805 | Vaults:3 | Reached skill level 17 in Summonings
 50812 | Vaults:3 | Noticed Frederick
 50866 | Vaults:3 | Killed Frederick
 50866 | Vaults:3 | Reached skill level 10 in Invocations
 51011 | Vaults:3 | Noticed a tentacled monstrosity
 51018 | Vaults:3 | Killed a tentacled monstrosity
 51131 | Vaults:3 | Received a gift from Sif Muna
 51134 | Vaults:3 | Identified Sif Muna's Handbook of Hurtful Weightlessness (Sif Muna gifted it to you on level 3 of the Vaults)
 51418 | Vaults:3 | Noticed a tentacled monstrosity
 51458 | Vaults:3 | Killed a tentacled monstrosity
 51870 | Vaults:3 | Got a slimy jade amulet
 51872 | Vaults:3 | Identified the amulet "Xuuqy" {rCorr +Blink rC++ MR+ Int+1} (You took it off an ironheart preserver on level 3 of the Vaults)
 51880 | Vaults:3 | Got a brightly glowing demon trident {drain}
 51881 | Vaults:3 | Identified the +4 demon trident "Bostrup" {drain, rC+ Str+4} (You took it off an ironheart preserver on level 3 of the Vaults)
 51934 | Vaults:3 | Reached skill level 1 in Armour
 52984 | Vaults:3 | Got a transparent leather armour
 52995 | Vaults:3 | Identified the +1 leather armour of Cigreoch {rC+ MR+ Dex+2 Slay-3} (You found it on level 3 of the Vaults)
 53011 | Vaults:3 | Got a twitching copper amulet
 53012 | Vaults:3 | Identified the amulet of the Worm {Faith rC- Dex+2} (You found it on level 3 of the Vaults)
 53016 | Vaults:3 | Identified the Catalogue of Unstable Boosts
 53073 | Vaults:3 | Learned a level 4 spell: Passage of Golubria
 53283 | Vaults:4 | Reached XP level 19. HP: 113/113 MP: 14/38
 53423 | Vaults:4 | Reached skill level 18 in Summonings
 53472 | Vaults:4 | Reached skill level 5 in Armour
 53560 | Vaults:4 | Got a transparent trident
 53561 | Vaults:4 | Identified the cursed +3 trident of Haed {drain, rN+ Stlth+} (You found it on level 4 of the Vaults)
 54165 | Vaults:4 | Got a brightly glowing lapis lazuli ring
 54554 | Vaults:4 | Identified the ring of the Camelopard {Str+3 Dex+2} (You took it off a vault sentinel on level 4 of the Vaults)
 55248 | Depths:1 | Entered Level 1 of the Depths
 55523 | Depths:1 | Found a gateway to Hell.
 56791 | Depths:1 | Found a one-way gate leading to the halls of Pandemonium.
 57109 | Depths:1 | Found a one-way gate to the infinite horrors of the Abyss.
 57224 | Depths:1 | Paralysed by a great orb of eyes for 7 turns
 57396 | Depths:1 | Paralysed by a giant eyeball for 2 turns
 57400 | Depths:1 | Paralysed by a giant eyeball for 3 turns
 57410 | Depths:1 | Paralysed by a giant eyeball for 3 turns
 57587 | Depths:3 | Found Erier's Distillery.
 57623 | Depths:3 | HP: 3/113 [deep troll (29)]
 57635 | Depths:3 | Found Woemp's Distillery.
 58039 | Depths:3 | Found a gateway to a ziggurat.
 58562 | Depths:3 | Reached XP level 20. HP: 95/118 MP: 13/39
 58670 | Depths:3 | Bought a potion of heal wounds for 45 gold pieces
 58670 | Depths:3 | Bought a potion of heal wounds for 45 gold pieces
 58670 | Depths:3 | Bought a potion of curing for 30 gold pieces
 58670 | Depths:3 | Bought a potion of resistance for 105 gold pieces
 58670 | Depths:3 | Bought a potion of curing for 30 gold pieces
 58670 | Depths:3 | Bought a potion of heal wounds for 45 gold pieces
 58907 | Depths:3 | Found Jeosou's Armour Shoppe.
 58921 | Depths:3 | Found Shrocwieq's Magic Scroll Boutique.
 59052 | Depths:3 | Found Yluen's Distillery.
 59344 | Depths:2 | Received a gift from Sif Muna
 59355 | Depths:2 | Identified Sif Muna's Guide on Sinister Protection (Sif Muna gifted it to you on level 2 of the Depths)
 59765 | Depths:2 | Paralysed by a vampire knight for 2 turns
 61280 | Depths:4 | Noticed a golden dragon
 62385 | Depths:4 | HP: 1/118 [tengu reaver/bolt of acid (34)]
 62385 | Depths:4 | Splashed by a tengu reaver's acid

Action                   |  1- 3 |  4- 6 |  7- 9 | 10-12 | 13-15 | 16-18 | 19-21 || total
-------------------------+-------+-------+-------+-------+-------+-------+-------++-------
Melee: Unarmed           |    25 |       |       |       |       |       |       ||    25
       Dagger            |    33 |    33 |    43 |       |       |       |       ||   109
       Falchion          |       |       |    59 |    31 |       |       |       ||    90
       Mace              |       |       |    14 |       |       |       |       ||    14
       Trident           |       |       |       |   407 |   265 |       |       ||   672
       Bardiche          |       |       |       |       |   393 |   292 |       ||   685
       Demon trident     |       |       |       |       |       |    70 |   397 ||   467
 Fire: Blowgun           |       |       |    49 |    36 |     6 |     4 |       ||    95
 Cast: Summon Small Mamm |    49 |     4 |     1 |       |       |       |       ||    54
       Call Imp          |     6 |    18 |     3 |     5 |       |       |       ||    32
       Call Canine Famil |     7 |    13 |    16 |     1 |     3 |       |       ||    40
       Summon Ice Beast  |       |     1 |   101 |   135 |    23 |       |       ||   260
       Summon Lightning  |       |       |     3 |    70 |    73 |    70 |    45 ||   261
       Summon Guardian G |       |       |       |    32 |     5 |       |       ||    37
       Monstrous Menager |       |       |       |     3 |   340 |   404 |   265 ||  1012
       Animate Dead      |       |       |       |       |   139 |   129 |    64 ||   332
       Airstrike         |       |       |       |       |     3 |     4 |       ||     7
       Repel Missiles    |       |       |       |       |     1 |    10 |     7 ||    18
       Regeneration      |       |       |       |       |       |    12 |    20 ||    32
       Haste             |       |       |       |       |       |     2 |     3 ||     5
Invok: Channel Energy    |       |       |       |    12 |    42 |   151 |   110 ||   315
       Forget Spell      |       |       |       |       |     1 |       |       ||     1
 Abil: Fly               |       |       |       |     4 |     2 |       |       ||     6
       Stop Flying       |       |       |       |       |       |     1 |       ||     1
Evoke: Wand              |       |       |     1 |     9 |    10 |     4 |     6 ||    30
  Use: Scroll            |       |     6 |    11 |    21 |    22 |    15 |    15 ||    90
       Potion            |       |     1 |     2 |     2 |     2 |     4 |     6 ||    17
 Stab: Distracted        |     1 |     1 |       |    14 |    19 |    18 |    29 ||    82
       Sleeping          |     1 |     2 |     4 |     6 |    10 |     9 |     2 ||    34
       Paralysed         |       |       |       |       |       |     2 |       ||     2
  Eat: Chunk             |     6 |     9 |    31 |    46 |   110 |   104 |    67 ||   373
       Fruit             |       |       |     2 |     2 |    35 |       |     9 ||    48
       Beef jerky        |       |       |     2 |     1 |     4 |     2 |     3 ||    12
       Royal jelly       |       |       |     1 |     1 |       |     4 |       ||     6
       Pizza             |       |       |     1 |       |     4 |     3 |       ||     8
       Meat ration       |       |       |       |       |     6 |    10 |     5 ||    21
       Bread ration      |       |       |       |       |     2 |     7 |     6 ||    15

Action                   |  1- 3 |  4- 6 |  7- 9 | 10-12 | 13-15 | 16-18 | 19-21 || total
-------------------------+-------+-------+-------+-------+-------+-------+-------++-------
Melee: Unarmed           |    25 |       |       |       |       |       |       ||    25
       Dagger            |    33 |    33 |    43 |       |       |       |       ||   109
       Falchion          |       |       |    59 |    31 |       |       |       ||    90
       Mace              |       |       |    14 |       |       |       |       ||    14
       Trident           |       |       |       |   407 |   265 |       |       ||   672
       Bardiche          |       |       |       |       |   393 |   292 |       ||   685
       Demon trident     |       |       |       |       |       |    70 |   397 ||   467
 Fire: Blowgun           |       |       |    49 |    36 |     6 |     4 |       ||    95
 Cast: Summon Small Mamm |    49 |     4 |     1 |       |       |       |       ||    54
       Call Imp          |     6 |    18 |     3 |     5 |       |       |       ||    32
       Call Canine Famil |     7 |    13 |    16 |     1 |     3 |       |       ||    40
       Summon Ice Beast  |       |     1 |   101 |   135 |    23 |       |       ||   260
       Summon Lightning  |       |       |     3 |    70 |    73 |    70 |    45 ||   261
       Summon Guardian G |       |       |       |    32 |     5 |       |       ||    37
       Monstrous Menager |       |       |       |     3 |   340 |   404 |   265 ||  1012
       Animate Dead      |       |       |       |       |   139 |   129 |    64 ||   332
       Airstrike         |       |       |       |       |     3 |     4 |       ||     7
       Repel Missiles    |       |       |       |       |     1 |    10 |     7 ||    18
       Regeneration      |       |       |       |       |       |    12 |    20 ||    32
       Haste             |       |       |       |       |       |     2 |     3 ||     5
Invok: Channel Energy    |       |       |       |    12 |    42 |   151 |   110 ||   315
       Forget Spell      |       |       |       |       |     1 |       |       ||     1
 Abil: Fly               |       |       |       |     4 |     2 |       |       ||     6
       Stop Flying       |       |       |       |       |       |     1 |       ||     1
Evoke: Wand              |       |       |     1 |     9 |    10 |     4 |     6 ||    30
  Use: Scroll            |       |     6 |    11 |    21 |    22 |    15 |    15 ||    90
       Potion            |       |     1 |     2 |     2 |     2 |     4 |     6 ||    17
 Stab: Distracted        |     1 |     1 |       |    14 |    19 |    18 |    29 ||    82
       Sleeping          |     1 |     2 |     4 |     6 |    10 |     9 |     2 ||    34
       Paralysed         |       |       |       |       |       |     2 |       ||     2
  Eat: Chunk             |     6 |     9 |    31 |    46 |   110 |   104 |    67 ||   373
       Fruit             |       |       |     2 |     2 |    35 |       |     9 ||    48
       Beef jerky        |       |       |     2 |     1 |     4 |     2 |     3 ||    12
       Royal jelly       |       |       |     1 |     1 |       |     4 |       ||     6
       Pizza             |       |       |     1 |       |     4 |     3 |       ||     8
       Meat ration       |       |       |       |       |     6 |    10 |     5 ||    21
       Bread ration      |       |       |       |       |     2 |     7 |     6 ||    15

Action                   |  1- 3 |  4- 6 |  7- 9 | 10-12 | 13-15 | 16-18 | 19-21 || total
-------------------------+-------+-------+-------+-------+-------+-------+-------++-------
Melee: Unarmed           |    25 |       |       |       |       |       |       ||    25
       Dagger            |    33 |    33 |    43 |       |       |       |       ||   109
       Falchion          |       |       |    59 |    31 |       |       |       ||    90
       Mace              |       |       |    14 |       |       |       |       ||    14
       Trident           |       |       |       |   407 |   265 |       |       ||   672
       Bardiche          |       |       |       |       |   393 |   292 |       ||   685
       Demon trident     |       |       |       |       |       |    70 |   397 ||   467
 Fire: Blowgun           |       |       |    49 |    36 |     6 |     4 |       ||    95
 Cast: Summon Small Mamm |    49 |     4 |     1 |       |       |       |       ||    54
       Call Imp          |     6 |    18 |     3 |     5 |       |       |       ||    32
       Call Canine Famil |     7 |    13 |    16 |     1 |     3 |       |       ||    40
       Summon Ice Beast  |       |     1 |   101 |   135 |    23 |       |       ||   260
       Summon Lightning  |       |       |     3 |    70 |    73 |    70 |    45 ||   261
       Summon Guardian G |       |       |       |    32 |     5 |       |       ||    37
       Monstrous Menager |       |       |       |     3 |   340 |   404 |   265 ||  1012
       Animate Dead      |       |       |       |       |   139 |   129 |    64 ||   332
       Airstrike         |       |       |       |       |     3 |     4 |       ||     7
       Repel Missiles    |       |       |       |       |     1 |    10 |     7 ||    18
       Regeneration      |       |       |       |       |       |    12 |    20 ||    32
       Haste             |       |       |       |       |       |     2 |     3 ||     5
Invok: Channel Energy    |       |       |       |    12 |    42 |   151 |   110 ||   315
       Forget Spell      |       |       |       |       |     1 |       |       ||     1
 Abil: Fly               |       |       |       |     4 |     2 |       |       ||     6
       Stop Flying       |       |       |       |       |       |     1 |       ||     1
Evoke: Wand              |       |       |     1 |     9 |    10 |     4 |     6 ||    30
  Use: Scroll            |       |     6 |    11 |    21 |    22 |    15 |    15 ||    90
       Potion            |       |     1 |     2 |     2 |     2 |     4 |     6 ||    17
 Stab: Distracted        |     1 |     1 |       |    14 |    19 |    18 |    29 ||    82
       Sleeping          |     1 |     2 |     4 |     6 |    10 |     9 |     2 ||    34
       Paralysed         |       |       |       |       |       |     2 |       ||     2
  Eat: Chunk             |     6 |     9 |    31 |    46 |   110 |   104 |    67 ||   373
       Fruit             |       |       |     2 |     2 |    35 |       |     9 ||    48
       Beef jerky        |       |       |     2 |     1 |     4 |     2 |     3 ||    12
       Royal jelly       |       |       |     1 |     1 |       |     4 |       ||     6
       Pizza             |       |       |     1 |       |     4 |     3 |       ||     8
       Meat ration       |       |       |       |       |     6 |    10 |     5 ||    21
       Bread ration      |       |       |       |       |     2 |     7 |     6 ||    15
